TOP OF THE 1ST |
Kentucky Wildcats batting - Pitching for Louisville Cardinals : LHP Andrew Werner
|
Pitching: LHP Andrew Werner
|
|
Batting: LHB Myles Hay
|
0-0: Called Strike 0-1: Swinging Strike 0-2: Ball 1-2: SINGLE (Line Drive, 89S)
|
Batting: RHB Frank Maxwell
|
0-0: Ball 1-0: Called Strike 1-1: Ball 2-1: SINGLE (Flyball, 6MD) Myles Hay to second
|
Batting: RHB Phil Kennedy
|
0-0: Ball 1-0: Foul Ball, location: 2F 1-1: Ball 2-1: Ball 3-1: Called Strike 3-2: Ground out 4-3 (Groundball, 4M) Myles Hay to third Frank Maxwell to second
|
Batting: LHB Karl Hill
|
0-0: Ball 1-0: Ball 2-0: Ball 3-0: Base on Balls
|
Batting: RHB Phil McJannett
|
0-0: SINGLE (Line Drive, 56D) Myles Hay scores Frank Maxwell to third Karl Hill to second
|
Batting: RHB Brian Gamble
|
0-0: Swinging Strike 0-1: Ball 1-1: Foul Ball, location: 2F 1-2: Ball 2-2: Foul Ball, location: 2F 2-2: SINGLE (Groundball, 56D) Frank Maxwell scores Karl Hill to third Phil McJannett to second
|
Batting: RHB Ricky White
|
0-0: Called Strike 0-1: Ball 1-1: Swinging Strike 1-2: Ball 2-2: Ball 3-2: Base on Balls Karl Hill scores Phil McJannett to third Brian Gamble to second
|
Batting: RHB Tim James
|
0-0: Ball 1-0: Ball 2-0: Called Strike 2-1: Ball 3-1: Base on Balls Phil McJannett scores Brian Gamble to third Ricky White to second
|
Batting: LHB Carlos Romero
|
0-0: Ball 1-0: Fly out, F4 (Line Drive, 4) 1-0: Lined into DP, 4-6 (Line Drive, 4)
|
Top of the 1st over - 4 run(s), 4 hit(s), 0 error(s), 2 left on base; Kentucky 4 - Louisville 0 |
BOTTOM OF THE 1ST |
Louisville Cardinals batting - Pitching for Kentucky Wildcats : RHP Jim Fitzgerald
|
Pitching: RHP Jim Fitzgerald
|
|
Batting: RHB George Reeves
|
0-0: Ball 1-0: Foul Ball, location: 2F 1-1: Ball 2-1: Called Strike 2-2: Foul Ball, location: 2F 2-2: Ground out 6-3 (Groundball, 6)
|
Batting: RHB Gabriel Méndez
|
0-0: Ball 1-0: Ball 2-0: Ball 3-0: Base on Balls
|
Batting: LHB Donovan Myers
|
0-0: Called Strike 0-1: Ball 1-1: Swinging Strike 1-2: Foul Ball, location: 2F 1-2: Strikes out swinging
|
Batting: LHB António Camacho
|
0-0: Swinging Strike 0-1: Ball 1-1: Ball 2-1: Called Strike 2-2: SINGLE (Flyball, 89S) Gabriel Méndez to second
|
Batting: RHB Bobby Booker
|
0-0: Called Strike 0-1: Swinging Strike 0-2: Ball 1-2: Strikes out swinging
|
Bottom of the 1st over - 0 run(s), 1 hit(s), 0 error(s), 2 left on base; Kentucky 4 - Louisville 0 |
TOP OF THE 2ND |
Kentucky Wildcats batting - Pitching for Louisville Cardinals : LHP Andrew Werner
|
Batting: LHB Myles Hay
|
0-0: Ball 1-0: Ball 2-0: Called Strike 2-1: Foul Ball, location: 2F 2-2: Strikes out swinging
|
Batting: RHB Frank Maxwell
|
0-0: Called Strike 0-1: Foul Ball, location: 2F 0-2: Foul Ball, location: 2F 0-2: Ball 1-2: Ground out 3-1 (Groundball, 34)
|
Batting: RHB Phil Kennedy
|
0-0: Called Strike 0-1: Foul Ball, location: 2F 0-2: Ball 1-2: Fly out, F9 (Flyball, 9LMF)
|
Top of the 2nd over - 0 run(s), 0 hit(s), 0 error(s), 0 left on base; Kentucky 4 - Louisville 0 |
BOTTOM OF THE 2ND |
Louisville Cardinals batting - Pitching for Kentucky Wildcats : RHP Jim Fitzgerald
|
Batting: LHB Evan Díaz
|
0-0: Fly out, F9 (Flyball, 89M)
|
Batting: RHB José González
|
0-0: Swinging Strike 0-1: Ground out 6-3 (Groundball, 6)
|
Batting: RHB Zach O'Neill
|
0-0: Called Strike 0-1: Ball 1-1: Ball 2-1: Foul Ball, location: 2F 2-2: Foul Ball, location: 2F 2-2: Strikes out swinging
|
Bottom of the 2nd over - 0 run(s), 0 hit(s), 0 error(s), 0 left on base; Kentucky 4 - Louisville 0 |
TOP OF THE 3RD |
Kentucky Wildcats batting - Pitching for Louisville Cardinals : LHP Andrew Werner
|
Batting: LHB Karl Hill
|
0-0: Ball 1-0: Ball 2-0: Called Strike 2-1: Ball 3-1: SINGLE (Groundball, 4MD)
|
Batting: RHB Phil McJannett
|
0-0: Fly out, F8 (Flyball, 8RM)
|
Batting: RHB Brian Gamble
|
0-0: Called Strike 0-1: Foul Ball, location: 2F 0-2: Strikes out swinging
|
Batting: RHB Ricky White
|
0-0: Ball 1-0: Foul Ball, location: 2F 1-1: Fly out, F9 (Flyball, 9LM)
|
Top of the 3rd over - 0 run(s), 1 hit(s), 0 error(s), 1 left on base; Kentucky 4 - Louisville 0 |
BOTTOM OF THE 3RD |
Louisville Cardinals batting - Pitching for Kentucky Wildcats : RHP Jim Fitzgerald
|
Batting: RHB Michael Jones
|
0-0: Called Strike 0-1: Called Strike 0-2: Ground out 1-3 (Groundball, 25)
|
Pitching: LHP Arturo Vásquez
|
|
Batting: RHB George Reeves
|
0-0: Foul Ball, location: 2F 0-1: Swinging Strike 0-2: Ball 1-2: Foul Ball, location: 2F 1-2: Strikes out swinging
|
Batting: RHB Gabriel Méndez
|
0-0: Ball 1-0: Called Strike 1-1: Ball 2-1: Fly out, F7 (Flyball, 7LD)
|
Bottom of the 3rd over - 0 run(s), 0 hit(s), 0 error(s), 0 left on base; Kentucky 4 - Louisville 0 |
TOP OF THE 4TH |
Kentucky Wildcats batting - Pitching for Louisville Cardinals : LHP Andrew Werner
|
Batting: RHB Tim James
|
0-0: Foul Ball, location: 2F 0-1: SINGLE (Line Drive, 9LS)
|
Batting: LHB Carlos Romero
|
0-0: Ball 1-0: Swinging Strike 1-1: Foul Ball, location: 2F 1-2: Ball 2-2: Foul Ball, location: 2F 2-2: Ball 3-2: Fly out, F7 (Flyball, 78S)
|
Batting: LHB Myles Hay
|
0-0: Ball 1-0: Ball 2-0: Called Strike 2-1: Ball 3-1: Swinging Strike 3-2: DOUBLE (Flyball, 78XD) Tim James to third Runner from 3rd tries for Home, SAFE, no throw or cutoff
|
Batting: RHB Frank Maxwell
|
0-0: Called Strike 0-1: Ball 1-1: Swinging Strike 1-2: Ball 2-2: Foul Ball, location: 2F 2-2: Ball 3-2: Strikes out looking
|
Pitching: RHP Ralph Dukes
|
|
Batting: RHB Phil Kennedy
|
0-0: Called Strike Myles Hay steals 3rd base 0-1: Ball 1-1: Ball 2-1: Foul Ball, location: 2F 2-2: Fly out, F5 (Popup, 15)
|
Top of the 4th over - 1 run(s), 2 hit(s), 0 error(s), 1 left on base; Kentucky 5 - Louisville 0 |
BOTTOM OF THE 4TH |
Louisville Cardinals batting - Pitching for Kentucky Wildcats : LHP Arturo Vásquez
|
Batting: LHB Donovan Myers
|
0-0: Called Strike 0-1: Ball 1-1: Fly out, F4 (Line Drive, 4)
|
Batting: LHB António Camacho
|
0-0: SINGLE (Line Drive, 9S)
|
Batting: RHB Bobby Booker
|
0-0: Foul Ball, location: 2F 0-1: Ball 1-1: Called Strike 1-2: Ball 2-2: Reached on Error, E9 (Flyball, 89M) António Camacho to second
|
Batting: LHB Evan Díaz
|
0-0: Ball Wild Pitch! António Camacho to third Bobby Booker to second 1-0: Swinging Strike 1-1: Ball 2-1: Ball 3-1: Base on Balls
|
Batting: RHB José González
|
0-0: Fly out, F9 (Flyball, 9M) Runner from 3rd tags up, SCORES, no throw
|
Batting: RHB Zach O'Neill
|
0-0: Ball 1-0: Swinging Strike 1-1: Ball 2-1: Ball 3-1: Base on Balls Bobby Booker to third Evan Díaz to second
|
Batting: RHB Michael Jones
|
0-0: Ball 1-0: Ball Passed Ball! Bobby Booker scores Evan Díaz to third Zach O'Neill to second 2-0: Ball 3-0: Base on Balls
|
Batting: RHB George Reeves
|
0-0: SINGLE (Flyball, 7S) Evan Díaz scores Zach O'Neill to third Michael Jones to second Throwing error, E7 Zach O'Neill scores Michael Jones to third George Reeves to second
|
Pitching: RHP Vic Willis
|
|
Batting: RHB Gabriel Méndez
|
0-0: Ball 1-0: Swinging Strike 1-1: Ball 2-1: Called Strike 2-2: Strikes out swinging
|
Bottom of the 4th over - 4 run(s), 2 hit(s), 2 error(s), 2 left on base; Kentucky 5 - Louisville 4 |
TOP OF THE 5TH |
Kentucky Wildcats batting - Pitching for Louisville Cardinals : RHP Ralph Dukes
|
Batting: LHB Karl Hill
|
0-0: Ball 1-0: Ball 2-0: Foul Ball, location: 2F 2-1: Swinging Strike 2-2: Foul Ball, location: 2F 2-2: Fly out, F7 (Flyball, 78S)
|
Batting: RHB Phil McJannett
|
0-0: Foul Ball, location: 2F 0-1: Foul Ball, location: 2F 0-2: Strikes out swinging
|
Batting: RHB Brian Gamble
|
0-0: Ball 1-0: Ball 2-0: Ball 3-0: Base on Balls
|
Batting: RHB Ricky White
|
0-0: Ground out 5-3 (Groundball, 5S)
|
Top of the 5th over - 0 run(s), 0 hit(s), 0 error(s), 1 left on base; Kentucky 5 - Louisville 4 |
BOTTOM OF THE 5TH |
Louisville Cardinals batting - Pitching for Kentucky Wildcats : RHP Vic Willis
|
Batting: LHB Donovan Myers
|
0-0: Swinging Strike 0-1: Swinging Strike 0-2: Ball 1-2: Strikes out swinging
|
Batting: LHB António Camacho
|
0-0: Ball 1-0: Ball 2-0: Ground out 4-3 (Groundball, 4)
|
Batting: RHB Bobby Booker
|
0-0: Ball 1-0: Ball 2-0: Ball 3-0: Base on Balls
|
Batting: LHB Evan Díaz
|
0-0: Swinging Strike 0-1: Ball 1-1: Swinging Strike 1-2: Strikes out swinging
|
Bottom of the 5th over - 0 run(s), 0 hit(s), 0 error(s), 1 left on base; Kentucky 5 - Louisville 4 |
TOP OF THE 6TH |
Kentucky Wildcats batting - Pitching for Louisville Cardinals : RHP Ralph Dukes
|
Batting: RHB Tim James
|
0-0: Ground out 1-3 (Groundball, 13S)
|
Batting: LHB Carlos Romero
|
0-0: Ball 1-0: Ball 2-0: Called Strike 2-1: Ball 3-1: Foul Ball, location: 2F 3-2: Strikes out swinging
|
Batting: LHB Myles Hay
|
0-0: Called Strike 0-1: Foul Ball, location: 2F 0-2: Strikes out swinging passed ball, reaches first!
|
Batting: RHB Frank Maxwell
|
0-0: Called Strike 0-1: Swinging Strike 0-2: Strikes out looking
|
Top of the 6th over - 0 run(s), 0 hit(s), 0 error(s), 1 left on base; Kentucky 5 - Louisville 4 |
BOTTOM OF THE 6TH |
Louisville Cardinals batting - Pitching for Kentucky Wildcats : RHP Vic Willis
|
Batting: RHB José González
|
0-0: SINGLE (Line Drive, 4D)
|
Batting: RHB Zach O'Neill
|
0-0: Foul Ball, location: 2F 0-1: Ball 1-1: Foul Ball, location: 2F 1-2: Ball 2-2: Ball 3-2: Base on Balls José González to second
|
Batting: RHB Michael Jones
|
0-0: Ball 1-0: Called Strike 1-1: Foul Ball, location: 2F 1-2: Grounds into double play, 6-4-3 (Groundball, 6) José González to third
|
Batting: RHB George Reeves
|
0-0: Called Strike 0-1: Called Strike 0-2: Strikes out swinging
|
Bottom of the 6th over - 0 run(s), 1 hit(s), 0 error(s), 1 left on base; Kentucky 5 - Louisville 4 |
TOP OF THE 7TH |
Kentucky Wildcats batting - Pitching for Louisville Cardinals : RHP Ralph Dukes
|
Pitching: LHP Alberto Torres
|
|
Batting: RHB Phil Kennedy
|
0-0: Ball 1-0: Called Strike 1-1: Ball 2-1: Swinging Strike 2-2: Strikes out looking
|
Batting: LHB Karl Hill
|
0-0: Ball 1-0: Ball 2-0: Foul Ball, location: 2F 2-1: Ball 3-1: Base on Balls
|
Batting: RHB Phil McJannett
|
0-0: Ball Throwing error on steal attempt, E2 Karl Hill to third 1-0: Intentional Walk
|
Batting: RHB Brian Gamble
|
0-0: Ball 1-0: Grounds into double play, 4-6-3 (Groundball, 34)
|
Top of the 7th over - 0 run(s), 0 hit(s), 1 error(s), 1 left on base; Kentucky 5 - Louisville 4 |
BOTTOM OF THE 7TH |
Louisville Cardinals batting - Pitching for Kentucky Wildcats : RHP Vic Willis
|
Pitching: LHP Ed Massey
|
|
Batting: RHB Gabriel Méndez
|
0-0: Called Strike 0-1: Swinging Strike 0-2: Ball 1-2: SINGLE (Groundball, 5D)
|
Batting: LHB Donovan Myers
|
0-0: Ball 1-0: Ball 2-0: Called Strike 2-1: Ball 3-1: Fielders Choice at 2nd, 4-6 (Groundball, 4)
|
Batting: LHB António Camacho
|
0-0: Ball Wild Pitch! Donovan Myers to second 1-0: Ball 2-0: Ball 3-0: Called Strike 3-1: Base on Balls
|
Batting: RHB Bobby Booker
|
0-0: Ball 1-0: Fly out, F8 (Line Drive, 8RM) Runner from 2nd tags up, SAFE at 3rd with throw
|
Batting: LHB Evan Díaz
|
0-0: Swinging Strike 0-1: Called Strike 0-2: Foul Ball, location: 2F 0-2: Fly out, F8 (Flyball, 8RD)
|
Bottom of the 7th over - 0 run(s), 1 hit(s), 0 error(s), 2 left on base; Kentucky 5 - Louisville 4 |
TOP OF THE 8TH |
Kentucky Wildcats batting - Pitching for Louisville Cardinals : LHP Alberto Torres
|
Batting: RHB Ricky White
|
0-0: Swinging Strike 0-1: Called Strike 0-2: Ball 1-2: Foul Ball, location: 2F 1-2: Strikes out swinging
|
Batting: RHB Tim James
|
0-0: Foul Ball, location: 2F 0-1: Ball 1-1: Ball 2-1: Foul Ball, location: 2F 2-2: Ball 3-2: Strikes out swinging
|
Pitching: LHP Jimmy Taylor
|
|
Batting: LHB Carlos Romero
|
0-0: Ball 1-0: Foul Ball, location: 2F 1-1: Foul Ball, location: 2F 1-2: Ball 2-2: Ball 3-2: Base on Balls
|
Batting: LHB Myles Hay
|
0-0: Ball 1-0: Ball 2-0: Foul Ball, location: 2F 2-1: Foul Ball, location: 2F 2-2: Foul Ball, location: 2F 2-2: Strikes out swinging
|
Top of the 8th over - 0 run(s), 0 hit(s), 0 error(s), 1 left on base; Kentucky 5 - Louisville 4 |
BOTTOM OF THE 8TH |
Louisville Cardinals batting - Pitching for Kentucky Wildcats : LHP Ed Massey
|
Pitching: RHP Ken Holt
|
|
Batting: RHB José González
|
0-0: Fly out, F4 (Popup, 9S)
|
Batting: RHB Zach O'Neill
|
0-0: Ground out 4-3 (Groundball, 4)
|
Batting: RHB Michael Jones
|
0-0: Ball 1-0: Ball 2-0: Ball 3-0: Called Strike 3-1: SINGLE (Line Drive, 34)
|
Batting: RHB George Reeves
|
0-0: Called Strike 0-1: Called Strike 0-2: Strikes out looking
|
Bottom of the 8th over - 0 run(s), 1 hit(s), 0 error(s), 1 left on base; Kentucky 5 - Louisville 4 |
TOP OF THE 9TH |
Kentucky Wildcats batting - Pitching for Louisville Cardinals : LHP Jimmy Taylor
|
Pitching: RHP Ronald Clark
|
|
Batting: RHB Frank Maxwell
|
0-0: Foul Ball, location: 2F 0-1: Foul Ball, location: 2F 0-2: SOLO HOME RUN (Flyball, 78XD), Distance : 391 ft
|
Batting: RHB Phil Kennedy
|
0-0: Swinging Strike 0-1: Ground out 1-3 (Groundball, 15)
|
Batting: LHB Karl Hill
|
0-0: Ball 1-0: Foul Ball, location: 2F 1-1: Ball 2-1: Ball 3-1: Base on Balls
|
Batting: RHB Phil McJannett
|
0-0: Called Strike Karl Hill steals 2nd base 0-1: Fly out, F9 (Popup, 34D)
|
Batting: RHB Brian Gamble
|
0-0: Ball Wild Pitch! Karl Hill to third 1-0: Ball 2-0: Ball 3-0: Base on Balls
|
Batting: RHB Ricky White
|
0-0: Swinging Strike 0-1: Ball 1-1: Swinging Strike 1-2: Ball 2-2: Strikes out swinging
|
Top of the 9th over - 1 run(s), 1 hit(s), 0 error(s), 2 left on base; Kentucky 6 - Louisville 4 |
BOTTOM OF THE 9TH |
Louisville Cardinals batting - Pitching for Kentucky Wildcats : RHP Ken Holt
|
Pitching: RHP Ismael Ortíz
|
|
Now at C: Eddie Higgins
|
|
Batting: RHB Gabriel Méndez
|
0-0: Fly out, F9 (Flyball, 9M)
|
Batting: LHB Donovan Myers
|
0-0: Ball 1-0: Called Strike 1-1: Ball 2-1: SINGLE (Groundball, 23) (infield hit)
|
Batting: LHB António Camacho
|
0-0: Ball 1-0: Called Strike 1-1: Called Strike 1-2: Ball 2-2: Ball 3-2: 2-RUN HOME RUN (Flyball, 89XD), Distance : 381 ft
|
Batting: RHB Bobby Booker
|
0-0: Ball 1-0: Foul Ball, location: 2F 1-1: Ground out 4-3 (Groundball, 4M)
|
Batting: LHB Evan Díaz
|
0-0: Foul Ball, location: 2F 0-1: Ball 1-1: Ball 2-1: Fly out, F8 (Flyball, 8RM)
|
Bottom of the 9th over - 2 run(s), 2 hit(s), 0 error(s), 0 left on base; Kentucky 6 - Louisville 6 |
TOP OF THE 10TH |
Kentucky Wildcats batting - Pitching for Louisville Cardinals : RHP Ronald Clark
|
Pinch Hitting: SHB Matt Wells
|
0-0: Called Strike 0-1: Foul Ball, location: 2F 0-2: Strikes out swinging
|
Pinch Hitting: RHB Jerry Gentry
|
0-0: Ground out 6-3 (Groundball, 6M)
|
Batting: LHB Myles Hay
|
0-0: Called Strike 0-1: Foul Ball, location: 2F 0-2: Ball 1-2: Ball 2-2: Strikes out swinging
|
Top of the 10th over - 0 run(s), 0 hit(s), 0 error(s), 0 left on base; Kentucky 6 - Louisville 6 |
BOTTOM OF THE 10TH |
Louisville Cardinals batting - Pitching for Kentucky Wildcats : RHP Ismael Ortíz
|
Now at 2B: Jack Sweet
|
|
Now at 3B: Jerry Gentry
|
|
Batting: RHB José González
|
0-0: Swinging Strike 0-1: Called Strike 0-2: Strikes out swinging
|
Batting: RHB Zach O'Neill
|
0-0: Ball 1-0: Foul Ball, location: 2F 1-1: Ball 2-1: Ball 3-1: Foul Ball, location: 2F 3-2: SOLO HOME RUN (Flyball, 89XD), Distance : 376 ft
|
|